 Dungeon Crawl Stone Soup version 0.26.1-2-gb8aa6d0 (webtiles) character file.

Game seed: 5771692902691344702

221 Nithhogg the Chopper (level 6, -2/48 HPs)
             Began as a Human Fighter on Mar 24, 2021.
             Succumbed to an orc's poison
             ... on level 4 of the Dungeon.
             The game lasted 00:14:18 (4093 turns).

Nithhogg the Chopper (Human Fighter)                Turns: 4093, Time: 00:14:18

Health: -2/48      AC: 11    Str: 18    XL:     6   Next: 18%
Magic:  6/6        EV:  7    Int:  9    God:
Gold:   114        SH:  0    Dex: 12    Spells: 5/5 levels left

rFire    . . .     SeeInvis .   a - +1 war axe
rCold    . . .     Faith    .   (no shield)
rNeg     . . .     Spirit   .   r - +0 shadow dragon scales
rPois    .         Reflect  .   (no helmet)
rElec    .         Harm     .   (no cloak)
rCorr    .         Rampage  .   (no gloves)
Will     .....                  (no boots)
Stlth    +.........             (no amulet)
HPRegen  0.16/turn              m - ring of attention (curse)
MPRegen  0.10/turn              (no ring)

@: mighty, lethally poisoned (-2 -> -43), hasted, very quick
A: hooves 1
a: no special abilities


You were on level 4 of the Dungeon.
You visited 1 branch of the dungeon, and saw 4 of its levels.

You collected 114 gold pieces.

Inventory:

Hand Weapons
 a - a +1 war axe (weapon)
Armour
 b - a +0 scale mail
 c - a +0 kite shield
 r - +0 shadow dragon scales (worn)
Jewellery
 f - an uncursed ring of fire
 m - a cursed ring of attention (left hand)
Scrolls
 e - a scroll of immolation {unknown}
 g - a scroll of fog
 h - 4 scrolls of identify
 i - a scroll of enchant weapon
 k - 3 scrolls of remove curse
 o - a scroll of noise {unknown}
Potions
 p - a potion of degeneration {unknown}
 q - 2 potions of ambrosia {unknown}


   Skills:
 - Level 3.9 Fighting
 * Level 4.7 Axes
 - Level 3.6 Armour
 - Level 0.1 Dodging
 - Level 3.2 Shields


You had 5 spell levels left.
You didn't know any spells.
Your spell library was empty.

Dungeon Overview and Level Annotations

Branches:
Dungeon (4/15)
 Temple: D:4-7

Altars:
Qazlal
Vehumet

Annotations:
D:1 2 exclusions


Innate Abilities, Weirdness & Mutations

You have large cloven feet.


Message History

* * * LOW HITPOINT WARNING * * *
The ball python grabs you. The ball python constricts you.
The orc hits you but does no damage.
You are more poisoned.
It was a potion of mutation.
You feel extremely strange.
Your vision blurs.
Your vision sharpens.
Your feet thicken and deform.
* * * LOW HITPOINT WARNING * * *
You feel sick.
The ball python bites you but does no damage.
The ball python constricts you. The orc hits you but does no damage.
You are more poisoned.
You are too injured to fight recklessly!
You slash the ball python!
You kill the ball python!
* * * LOW HITPOINT WARNING * * *
You feel very sick. The orc hits you but does no damage.
You are more poisoned.
It was a potion of haste.
You feel yourself speed up.
You die...

.#.......)<.......
.#.##..###)#.##### .#
.'...........######.#
.#.##...............#
.#...>...............
......#.#####..#.....
....†...##.....##.###
#.....####.###.##.# #
#..#### # #..@.#####
#.. ...###
####†)...#..## .....#
#.#.###o##.....#
.....# #...........#.
.....# ...S###.....#
.....#
.##......).....#
###### ######....#.##
......... #..#..#..


You could see an orc.

Vanquished Creatures
  Jessica (D:3)
  A worker ant (D:4)
  3 gnolls (D:4)
  7 adders
  3 worms
  3 dart slugs (D:1)
  4 orcs
  2 ball pythons
  2 giant cockroaches (D:3)
  8 goblins
  3 jackals (D:3)
  2 quokkas (D:3)
  3 bats
  A frilled lizard (D:1)
  13 kobolds
  13 rats
69 creatures vanquished.

Vanquished Creatures (others)
  6 plants (D:2)
6 creatures vanquished.

Grand Total: 75 creatures vanquished

Notes
Turn   | Place    | Note
-------+----------+-------------------------------------------
     0 | D:1      | Nithhogg the Human Fighter began the quest for the Orb.
     0 | D:1      | Reached XP level 1. HP: 18/18 MP: 1/1
   215 | D:1      | Reached XP level 2. HP: 11/24 MP: 2/2
   786 | D:1      | Reached XP level 3. HP: 13/29 MP: 3/3
  1716 | D:2      | Reached XP level 4. HP: 35/35 MP: 4/4
  1723 | D:2      | Found a radiant altar of Vehumet.
  2302 | D:2      | Reached skill level 3 in Axes
  3249 | D:2      | Reached XP level 5. HP: 42/42 MP: 5/5
  3436 | D:3      | Found a stormy altar of Qazlal.
  3562 | D:3      | Noticed Jessica
  3626 | D:3      | Killed Jessica
  3977 | D:4      | Reached skill level 4 in Axes
  4011 | D:4      | Reached XP level 6. HP: 48/48 MP: 6/6
  4091 | D:4      | Gained mutation: Scrolls take you a little longer to read.
                  | [potion of mutation]
  4091 | D:4      | Lost mutation: Scrolls take you a little longer to read.
                  | [potion of mutation]
  4091 | D:4      | Gained mutation: You have large cloven feet. [potion of
                  | mutation]
  4092 | D:4      | HP: 1/48 [poisoned by an orc]
  4093 | D:4      | Succumbed to an orc's poison

Illustrated notes

Levels and vault maps discovered:
D:1:      lightli_arrival_statue_moat, layout_basic, minmay_ruptured
D:2:      layout_loops_ring, nicolae_overflow_hidden_temple, chequers_big_river
D:3:      layout_basic, nicolae_overflow_crystal_walls,
          kennysheep_generic_room_12, uniq_jessica
D:4:      layout_basic, elyvilon_altar_3, serial_shops, nicolae_shop_trees,
          hex_large, kennysheep_generic_room_2

Skill      XL: |  1  2  3  4  5 |
---------------+----------------+-----
Axes           | 3 4 |  4.7
Fighting       | |  3.9
Armour         | |  3.6
Dodging        | |  0.1
Shields        | |  3.2

Action                   |  1- 3 |  4- 6 || total
-------------------------+-------+-------++-------
Melee: War axe           |    76 |   131 ||   207
       Unarmed           |       |     5 ||     5
  Use: Potion            |     2 |     4 ||     6
       Scroll            |       |     6 ||     6
Armor: Scale mail        |    44 |    41 ||    85
       Shadow dragon sca |       |    31 ||    31
Dodge: Dodged            |    21 |    58 ||    79
Block: Kite shield       |    37 |       ||    37
